 Dungeon Crawl Stone Soup version 0.30-a0-743-gbfdf073431 (webtiles) character file.

Game seed: 8892767085616955616

427 Alatreon the Cudgeller (level 6, -6/45 (47) HPs)
             Began as a Demonspawn Fighter on Feb 7, 2023.
             Was a Believer of Okawaru.
             Mangled by Eustachio
             ... wielding a +2 heavy falchion
              (11 damage)
             ... on level 4 of the Dungeon on Feb 8, 2023.
             The game lasted 00:06:08 (2849 turns).

Alatreon the Cudgeller (Demonspawn Fighter)         Turns: 2849, Time: 00:06:08

HP:   -6/45 (47)    AC: 12    Str: 18    XL:     6   Next: 65%
MP:   6/6           EV:  6    Int:  9    God:    Okawaru [**....]
Gold: 1018          SH:  4    Dex: 13    Spells: 5/5 levels left

rFire   + . .      SeeInvis .    a - +0 flail
rCold   + . .      Faith    .    c - +0 buckler
rNeg    . . .      Spirit   .    h - +0 chain mail
rPois   +          Reflect  .    (helmet restricted)
rElec   +          Harm     .    (no cloak)
rCorr   +          Rampage  .    f - +0 pair of gloves
Will    .....                    n - +0 pair of boots Stlth
                                 (no amulet)
HPRegen 0.27/turn                g - ring of poison resistance
MPRegen 0.10/turn                (no ring)

@: mighty, resistant, lightly drained
A: antennae 1, demonic magic 2
a: Renounce Religion, Heroism


You were on level 4 of the Dungeon.
You worshipped Okawaru.
Okawaru was pleased with you.
You visited 1 branch of the dungeon, and saw 4 of its levels.

You collected 1018 gold pieces.

Inventory:

Hand Weapons
 a - a +0 flail (weapon)
 b - a +1 whip of venom
 p - the +8 dagger of Gallantry {venom, rPois Str+3 Stlth+}
   (You found it on level 3 of the Dungeon)

   Str:       It affects your strength (+3).
   rPois:     It protects you from poison.
   Stlth:     It makes you more stealthy.
Armour
 c - a +0 buckler (worn)
 f - a +0 pair of gloves (worn)
 h - a +0 chain mail (worn)
 n - a +0 pair of boots (worn)
Jewellery
 g - a ring of poison resistance (left hand)
 r - a ring of wizardry
Wands
 m - a wand of polymorph (9)
Scrolls
 j - 3 scrolls of fog
 k - a scroll of amnesia
 l - a scroll of vulnerability
 s - a scroll of poison {unknown}
 t - a scroll of teleportation
Potions
 d - a potion of might
 i - a potion of haste
 o - a potion of brilliance {unknown}
 q - 3 potions of curing {unknown}


   Skills:
 - Level 3.0 Fighting
 * Level 5.5 Maces & Flails
 + Level 4.4 Armour
 - Level 2.6 Shields


You had 5 spell levels left.
You didn't know any spells.
Your spell library was empty.

Dungeon Overview and Level Annotations

Branches:
Dungeon (4/15)
 Temple: D:4-7

Altars:
Okawaru

Shops:
D:3 *   D:4 ?

Annotations:
D:3 1 runed translucent door, Crazy Yiuf
D:4 Eustachio


Innate Abilities, Weirdness & Mutations

You have a pair of small antennae on your head.
Spells you cast may paralyse nearby enemies.


Message History

You hit Eustachio but do no damage.
Eustachio is moderately wounded.
The ufetubus disappears in a puff of smoke!
Eustachio hits you with a +2 heavy falchion!
The shadow imp hits you but does no damage.
The white imp gestures at you.
The puff of frost hits you but does no damage.
Unknown command.
You closely miss Eustachio.
Eustachio is moderately wounded.
Eustachio hits you but does no damage.
The shadow imp hits you but does no damage.
You hit Eustachio.
Eustachio is heavily wounded.
The white imp barely misses you.
The shadow imp hits you but does no damage.
Eustachio hits you with a +2 heavy falchion!
You closely miss Eustachio.
Eustachio is heavily wounded.
The white imp hits you but does no damage.
The shadow imp grins evilly.
The shadow imp hits you but does no damage.
Unknown command.
You hit Eustachio.
Eustachio is heavily wounded.
Eustachio hits you but does no damage. You block the shadow imp's attack.
The white imp gestures at you. The puff of frost misses you.
You feel protected.
The crimson imp blinks!
The white imp gestures at you. The puff of frost misses you.
The shadow imp barely misses you. Eustachio hits you but does no damage.
You feel very mighty all of a sudden. You block the white imp's attack.
The shadow imp gestures at you. Pain shoots through your body!
* * * LOW HITPOINT WARNING * * *
Eustachio hits you with a +2 heavy falchion!
You die...

.....###.#####.#.######
####.#....##...#.#
##.....#..#..###.#
.....####.#.## #.# # .....#
#...# #.# ..
.....####..#####.# ...
.....##.......##.# .....
..............##.# ......
.....##.......##@###...@...
...............55@§..5.....
#..†[#.....#####.###.......
.........#.####..####.....>
##.#..#.............o......
##.#....##.###..####.......
.......###.# #)## ......@
##.....# #.###.# .......
#......# #..##.# ....>..


You could see Eustachio, a crimson imp (summoned), a white imp (summoned) and a
shadow imp (summoned).

Vanquished Creatures
  Sigmund (D:3)
  A necrophage (D:2)
  An orc wizard (D:2)
  Ijyb (D:3)
  A gnoll (D:1)
  4 adders
  6 dart slugs
  7 orcs
  4 ball pythons
  3 endoplasms
  8 giant cockroaches
  6 hobgoblins
  7 jackals (D:1)
  2 kobolds
  5 quokkas
  7 bats
  7 frilled lizards
  6 goblins
  6 rats
83 creatures vanquished.

Notes
Turn   | Place    | Note
-------+----------+-------------------------------------------
     0 | D:1      | Alatreon the Demonspawn Fighter began the quest for the
                  | Orb.
     0 | D:1      | Reached XP level 1. HP: 18/18 MP: 1/1
    70 | D:1      | Reached skill level 2 in Maces & Flails
   261 | D:1      | Gained mutation: Spells you cast may paralyse adjacent
                  | enemies. [demonic ancestry]
   261 | D:1      | Reached XP level 2. HP: 24/24 MP: 2/2
   674 | D:1      | Gained mutation: You have a pair of small antennae on your
                  | head. [demonic ancestry]
   674 | D:1      | Reached XP level 3. HP: 21/29 MP: 3/3
   871 | D:2      | Found an iron altar of Okawaru.
   902 | D:2      | Became a worshipper of Warmaster Okawaru
   930 | D:2      | Reached skill level 3 in Maces & Flails
   937 | D:2      | Reached XP level 4. HP: 34/35 MP: 4/4
   941 | D:2      | Noticed a necrophage
   949 | D:2      | Killed a necrophage
   950 | D:2      | Reached skill level 4 in Maces & Flails
  1076 | D:2      | Identified a scroll of acquirement
  1087 | D:2      | Acquired 840 gold pieces
  1108 | D:2      | Gained mutation: Spells you cast may paralyse nearby
                  | enemies. [demonic ancestry]
  1108 | D:2      | Reached XP level 5. HP: 41/41 MP: 5/5
  1134 | D:2      | Reached * piety under Okawaru
  1847 | D:3      | Noticed Ijyb
  1861 | D:3      | Killed Ijyb
  1989 | D:3      | Noticed Sigmund
  1998 | D:3      | Killed Sigmund
  1998 | D:3      | Reached ** piety under Okawaru
  1999 | D:3      | Reached skill level 5 in Maces & Flails
  1999 | D:3      | Reached XP level 6. HP: 39/47 MP: 6/6
  2058 | D:3      | Found Ejiatulu's Assorted Antiques.
  2171 | D:3      | Identified the +8 dagger of Gallantry {venom, rPois Str+3
                  | Stlth+}
  2266 | D:3      | Found a runed translucent door.
  2267 | D:3      | Noticed Crazy Yiuf
  2538 | D:4      | Found Locimy's Magic Scroll Shoppe.
  2623 | D:4      | Noticed Eustachio
  2690 | D:4      | Noticed a steam dragon
  2849 | D:4      | Mangled by Eustachio

Illustrated notes

Levels and vault maps discovered:
D:1:      minmay_arrival_arboretum_small, layout_loops_ring, bh_walls_and_bars
D:2:      layout_loops_ring, basic_altar, chequers_serial_rivers_large_b
D:3:      layout_loops_ring, serial_shops, nicolae_diamond_shop, serial_glass,
          glass_columns_c, glass_columns_c, item_on_display_a,
          minmay_strange_pillars, minmay_surrounded, uniq_ijyb, uniq_sigmund,
          uniq_crazy_yiuf_cottage
D:4:      layout_rooms, serial_shops, shop, uniq_duvessa, uniq_eustachio

Skill      XL: |  1  2  3  4  5 |
---------------+----------------+-----
Maces & Flails | 2 3 4 5 |  5.5
Armour         | 3 4 |  4.4
Fighting       | |  3.0
Shields        | |  2.6

Action                     |  1- 3 |  4- 6 || total
---------------------------+-------+-------++-------
  Melee: Flail             |    87 |   204 ||   291
    Use: Scroll            |     3 |     8 ||    11
         Potion            |     1 |     3 ||     4
 Armour: Scale mail        |    42 |       ||    42
         Chain mail        |     5 |   142 ||   147
  Dodge: Dodged            |    29 |    86 ||   115
  Block: Buckler           |    25 |    39 ||    64

Table legend: (Time is in decaauts)
 A = Elapsed time spent in this place.
 B = Non-inter-level travel time spent in this place.
 C = Inter-level travel time spent in this place.
 D = Time resting spent in this place.
 E = Time spent auto-exploring this place.
 F = Levels seen in this place.
 G = Mean time per level.
                   A        B        C        D        E       F      G
               +--------+--------+--------+--------+--------+-----+--------+
         Total |   2949 |   2729 |    220 |    125 |   1883 |   4 |  737.2 |
       Dungeon |   2949 |   2729 |    220 |    125 |   1883 |   4 |  737.2 |
               +--------+--------+--------+--------+--------+-----+--------+

Top non-repeatable levels by time:
     D:2: 929 daAuts
     D:1: 894 daAuts
     D:3: 871 daAuts
     D:4: 254 daAuts
